 Dungeon Crawl Stone Soup version 0.29.0-4-gdea44cf6ec (webtiles) character file.

Game seed: 8123149239416608135

31 qw the Sneak (level 3, -6/23 HPs)
             Began as a Gargoyle Delver on Sept 10, 2022.
             Mangled by an iguana (9 damage)
             ... on level 4 of the Dungeon.
             The game lasted 00:00:07 (455 turns).

qw the Sneak (Gargoyle Delver)                       Turns: 455, Time: 00:00:07

Health: -6/23      AC:  6    Str: 17    XL:     3   Next: 22%
Magic:  3/3        EV: 11    Int: 10    God:
Gold:   15         SH:  0    Dex: 11    Spells: 2/2 levels left

rFire   . . .      SeeInvis .   a - +0 hand axe
rCold   . . .      Faith    .   (no shield)
rNeg    + . .      Spirit   .   b - +0 leather armour
rPois   inf        Reflect  .   (no helmet)
rElec   +          Harm     .   (no cloak)
rCorr   .          Rampage  .   (no gloves)
Will    .....                   (no boots)
Stlth   +++.......              (no amulet)
HPRegen 0.07/turn               (no ring)
MPRegen 0.08/turn               (no ring)

@: no status effects
A: sickness immunity, AC +3, negative energy resistance 1, electricity
resistance, torment resistance 1, petrification resistance
a: no special abilities


You were on level 4 of the Dungeon.
You visited 1 branch of the dungeon, and saw 2 of its levels.

You collected 15 gold pieces.


Innate Abilities, Weirdness & Mutations

You are immune to sickness and miasma.
Your stone body is resilient. (AC +3)
You are immune to poison.
You resist negative energy. (rN+)
You are resistant to electric shocks. (rElec)
You are resistant to unholy torment.
You are immune to petrification.


   Skills:
 - Level 3.2 Fighting
 + Level 3.2 Axes
 - Level 1.5 Dodging
 - Level 5.4 Stealth


You had 2 spell levels left.
You didn't know any spells.
Your spell library was empty.

Inventory:

Hand Weapons
 a - a +0 hand axe (weapon)
Armour
 b - a +0 leather armour (worn)
Wands
 g - a wand of digging (3)
Scrolls
 c - 2 scrolls of identify {unknown}
Potions
 d - 2 potions of brilliance {unknown}
 e - a potion of curing {unknown}
 f - a potion of haste

Dungeon Overview and Level Annotations

Branches:
Dungeon (5/15)
 Temple: D:4-7

Altars:
Cheibriados

Annotations:
D:4 1 runed translucent door, Crazy Yiuf


Message History

You hit the worm.
The worm is heavily wounded.
You hit the worm.
The worm is almost dead.
The worm misses you.
You hit the worm.
The worm is almost dead.
The worm barely misses you.
You barely miss the worm.
The worm is severely wounded.
The worm closely misses you.
You hit the worm.
You kill the worm!
You see here a worm corpse.
You hear the quick rusting of a very distant drain.
You see here a worm corpse.
You open the door.
There is an open door here.
An iguana comes into view.
The iguana hisses angrily.
The iguana hisses menacingly.
You hit the iguana but do no damage.
The iguana bites you but does no damage.
You hit the iguana but do no damage. The iguana misses you.
You barely miss the iguana. The iguana closely misses you.
You barely miss the iguana. The iguana closely misses you.
You barely miss the iguana. The iguana closely misses you.
You hit the iguana but do no damage. The iguana bites you!
You hit the iguana.
The iguana is moderately wounded.
The iguana bites you!
You hit the iguana.
The iguana is moderately wounded.
The iguana bites you!
You die...

#... ##...# ##### ####
##....# #)g.# ####
##.....# #...# #..#
###......# ... ##.#
.'......# #+# #...
#......# 7.77 ##.#
#..l..# 77.7 ##.#
#)@..# 7.77 #... ##...#
77.7 ##.# ##'## 77.77
##.# #.# 77...7 #..#
####.## 7....7 #...
#.....# ##..## #.##
#.#...####....# #.#
#####......#.#...## #%#
..........##<##.#####.#


You could see an iguana.

Vanquished Creatures
  A hound (D:4)
  A worm (D:4)
2 creatures vanquished.

Notes
Turn   | Place    | Note
-------+----------+-------------------------------------------
     0 | D:5      | qw the Gargoyle Delver began the quest for the Orb.
     0 | D:5      | Reached XP level 1. HP: 14/14 MP: 1/1
     0 | D:5      | 0 ||| qw: Version: 0.1-a-116-g5d60599
     0 | D:5      | 0 ||| qw: Game counter: 8133
     0 | D:5      | 0 ||| qw: Always use a shield: true
     0 | D:5      | 0 ||| qw: God list: Okawaru
     0 | D:5      | 0 ||| qw: Allow faded altars: false
     0 | D:5      | 0 ||| qw: Do Orc after D:15 true
     0 | D:5      | 0 ||| qw: Do second Lair branch before Depths: true
     0 | D:5      | 0 ||| qw: Lair rune preference: random
     0 | D:5      | 0 ||| qw: Plans: Normal
     0 | D:5      | 0 ||| PLANNING D:1-11
     0 | D:5      | 0 ||| DROPPING scroll of fog.
     1 | D:5      | 1 ||| DROPPING scroll of magic mapping.
     2 | D:5      | 2 ||| DROPPING scroll of fear.
     8 | D:4      | 8 ||| PLANNING SEWER
    28 | D:4      | Found a snail-covered altar of Cheibriados.
    73 | D:4      | Noticed a hound
    93 | D:4      | Killed a hound
    94 | D:4      | Reached skill level 3 in Axes
    94 | D:4      | Reached XP level 2. HP: 9/19 MP: 2/2
    94 | D:4      | Reached XP level 3. HP: 11/23 MP: 3/3
   340 | D:4      | Found a runed translucent door.
   341 | D:4      | Noticed Crazy Yiuf
   454 | D:4      | HP: 3/23 [iguana (10)]
   455 | D:4      | Mangled by an iguana

Levels and vault maps discovered:
D:4:      layout_loops_corners, kennysheep_mini, mainiacjoe_overflow_catwalk,
          lightli_sewer_entry_pipes, minmay_unequal, uniq_duvessa, uniq_ijyb,
          uniq_sigmund, uniq_crazy_yiuf_cottage
D:5:      nicolae_cairo_tiling_large_dashed, layout_basic,
          mainiacjoe_overflow_alcove_2, uniq_pikel

Skill      XL: |  1 |
---------------+----+-----
Axes           | 3 |  3.2
Fighting       | |  3.2
Dodging        | |  1.5
Stealth        | |  5.4

Action                   || total
-------------------------++-------
Melee: Hand axe          ||    24
Armor: Leather armour    ||     4
Dodge: Dodged            ||    20

Table legend:
 A = Non-vault XP
 B = Vault XP
 C = Vault XP percentage of total XP
 D = Non-vault monster count
 E = Vault monster count
 F = Vault count percentage of total count
                 A         B        C        D         E       F
            +---------+---------+-------+---------+---------+-------
      Total |      45 |       0 |   0.0 |       2 |       0 |   0.0
            +---------+---------+-------+---------+---------+-------
        D:4 |      45 |       0 |   0.0 |       2 |       0 |   0.0
            +---------+---------+-------+---------+---------+-------
